 Dungeon Crawl Stone Soup version 0.29.1-2-gbd0b4ee654 (webtiles) character file.

Game seed: 1868159357755715660

35 jamesblauser the Magician (level 3, -11/16 HPs)
             Began as a Spriggan Earth Elementalist on Nov 5, 2022.
             Was an Initiate of Kikubaaqudgha.
             Blown up by Ijyb (14 damage)
             ... with a mindburst bolt
             ... on level 3 of the Dungeon.
             The game lasted 00:13:11 (2120 turns).

jamesblauser the Magician (SpEE)                    Turns: 2120, Time: 00:13:11

Health: -11/16     AC:  2    Str:  6    XL:     3   Next: 17%
Magic:  2/9        EV: 16    Int: 16    God:    Kikubaaqudgha [......]
Gold:   123        SH:  5    Dex: 15    Spells: 8/9 levels left

rFire   . . .      SeeInvis +   d - +0 long sword
rCold   . . .      Faith    .   h - +0 buckler
rNeg    . . .      Spirit   .   a - +0 robe
rPois   .          Reflect  .   (helmet restricted)
rElec   .          Harm     .   (no cloak)
rCorr   .          Rampage  .   (gloves unavailable)
Will    .....                   (boots unavailable)
Stlth   ++........              (no amulet)
HPRegen 0.05/turn               (no ring)
MPRegen 0.11/turn               (no ring)

@: very quick
A: very small, no large weapons, unfitting armour, see invisible, speed 3
a: Renounce Religion


You were on level 3 of the Dungeon.
You worshipped Kikubaaqudgha.
Kikubaaqudgha was noncommittal.
You visited 1 branch of the dungeon, and saw 4 of its levels.

You collected 123 gold pieces.

Inventory:

Hand Weapons
 c - a +1 whip
 d - a +0 long sword (weapon)
Armour
 a - a +0 robe (worn)
 e - a +0 pair of gloves
 g - an orb of wrath
 h - a +0 buckler (worn)
Potions
 b - a potion of magic


   Skills:
 + Level 2.9 Dodging
 + Level 3.3 Stealth
 + Level 3.5 Spellcasting
 + Level 1.3 Transmutations
 + Level 3.3 Earth Magic


You had 8 spell levels left.
You knew the following spells:

 Your Spells              Type           Power      Damage    Failure   Level
a - Sandblast             Erth           26%        2d8       10%         1

Your spell library contained the following spells:

 Spells                   Type           Power      Damage    Failure   Level
 Passwall                 Tmut/Erth      8%         N/A       22%         2
 Stone Arrow              Conj/Erth      16%        3d8       52%         3
 Petrify                  Tmut/Erth      10%        N/A       83%         4


Dungeon Overview and Level Annotations

Branches:
Dungeon (4/15)
 Temple: D:4-7

Altars:
Kikubaaqudgha
Vehumet

Shops:
D:1 [![:   D:2 *

Annotations:
D:3 Ijyb


Innate Abilities, Weirdness & Mutations

You are very small and have problems with some larger weapons.
You are too small for most types of armour.
You have supernaturally acute eyesight. (SInv)
You cover ground extremely quickly. (Speed+++)


Message History

Aiming: Sandblast (safe; 10% risk of failure)
Press: ? - help, Q - select action Shift-Dir - straight line, f - Ijyb
Aim: Ijyb, wielding a +0 club, wearing a +2 scale mail of fire resistance and carrying a wand of mindburst (21) (80% to hit)
The blast of sand hits Ijyb but does no damage.
Aiming: Sandblast (safe; 10% risk of failure)
Press: ? - help, Q - select action Shift-Dir - straight line, f/p - Ijyb
Aim: Ijyb, wielding a +0 club, wearing a +2 scale mail of fire resistance and carrying a wand of mindburst (21) (80% to hit)
The blast of sand hits Ijyb but does no damage.
You hit Ijyb but do no damage. You block Ijyb's attack.
Ijyb hits you with a +0 club.
You barely miss Ijyb. Ijyb hits you with a +0 club.
You closely miss Ijyb. Ijyb hits you with a +0 club.
* * * LOW HITPOINT WARNING * * *
You block Ijyb's attack. Ijyb completely misses you.
Aiming: Sandblast (safe; 10% risk of failure)
Press: ? - help, Q - select action Shift-Dir - straight line, f/p - Ijyb
Aim: Ijyb, wielding a +0 club, wearing a +2 scale mail of fire resistance and carrying a wand of mindburst (21) (80% to hit)
The blast of sand hits Ijyb but does no damage.
Aiming: Sandblast (safe; 10% risk of failure)
Press: ? - help, Q - select action Shift-Dir - straight line, f/p - Ijyb
Aim: Ijyb, wielding a +0 club, wearing a +2 scale mail of fire resistance and carrying a wand of mindburst (21) (80% to hit)
The blast of sand hits Ijyb.
Ijyb is lightly wounded.
Ijyb zaps a wand.
You struggle to resist.
Ijyb zaps a wand.
Your mind is blasted!
* * * LOW HITPOINT WARNING * * *
Ijyb zaps a wand.
You struggle to resist.
There is a stone staircase leading down here.
You climb downwards.
Found a scroll of fear.
There is a stone staircase leading up here.
You climb upwards.
Level annotation: Ijyb Ijyb zaps a wand.
You struggle to resist.
There is a stone staircase leading down here.
Ijyb zaps a wand.
Your mind is blasted!
Ouch! That really hurt!
You die...
Kikubaaqudgha rasps: "You have failed me!
Welcome... death!"

..#..##..# .#
#########g##.#
########.#..#
........>#..#
#.......#..#
+..........#
#........#.#+###
#...............
#......@##......
#.......<.......
#.......##......
###......+ .....
######## ....
... .. #


You could see Ijyb.

Vanquished Creatures
  An endoplasm (D:1)
  3 giant cockroaches (D:1)
  9 goblins
  2 hobgoblins
  3 jackals (D:2)
  3 quokkas
  A ball python (D:1)
  2 bats
  A frilled lizard (D:1)
  A kobold (D:2)
  3 rats (D:1)
29 creatures vanquished.

Vanquished Creatures (collateral kills)
  A frilled lizard (D:1)
1 creature vanquished.

Grand Total: 30 creatures vanquished

Notes
Turn   | Place    | Note
-------+----------+-------------------------------------------
     0 | D:1      | jamesblauser the Spriggan Earth Elementalist began the
                  | quest for the Orb.
     0 | D:1      | Reached XP level 1. HP: 9/9 MP: 5/5
   485 | D:1      | Reached XP level 2. HP: 13/13 MP: 3/6
   543 | D:1      | Found Sukhacs's Distillery.
   546 | D:1      | Found Pieseung's Armour Shoppe.
   691 | D:1      | Found Haxtaf's Book Shoppe.
   852 | D:1      | Found Xemnolusk's Antique Armour Shoppe.
  1647 | D:2      | Found Weciec's General Store.
  1654 | D:2      | Found an ancient bone altar of Kikubaaqudgha.
  1670 | D:2      | Became a worshipper of Kikubaaqudgha
  2060 | D:3      | Found a radiant altar of Vehumet.
  2060 | D:3      | Noticed Ijyb
  2070 | D:3      | Reached XP level 3. HP: 15/16 MP: 4/8
  2120 | D:3      | Blown up by Ijyb

Illustrated notes

Levels and vault maps discovered:
D:1:      minmay_arrival_diagonal_passages, layout_rooms, serial_shops,
          nicolae_shop_stone, nicolae_shop_statue_plus, shop, nicolae_shop_trees
D:2:      layout_basic, serial_shops, nicolae_shop_behind_doors, basic_altar
D:3:      kennysheep_the_goblin_king, layout_basic,
          mainiacjoe_overflow_chevrons, nicolae_hepliaklqana_hazy_memory,
          hellmonk_ecumenical_altar_inner_sanctum, uniq_jessica
D:4:      layout_loops_corners, minmay_manual_moon

Skill      XL: |  1  2 |
---------------+-------+-----
Earth Magic    | 3 |  3.3
Spellcasting   | 3 |  3.5
Dodging        | |  2.9
Stealth        | |  3.3
Transmutations | |  1.3

Action                   || total
-------------------------++-------
Melee: Long sword        ||     7
 Cast: Sandblast         ||    46
  Use: Scroll            ||     8
       Potion            ||     1
Armor: Robe              ||     2
Dodge: Dodged            ||     6
Block: Buckler           ||     2
